 Dungeon Crawl Stone Soup version 0.30-a0-691-g754fce4c43 (webtiles) character file.

Game seed: 546215672022619095

49 Newt the Ducker (level 3, -1/28 HPs)
             Began as a Demonspawn Gladiator on Jan 19, 2023.
             Slain by Natasha (6 damage)
             ... on level 3 of the Dungeon.
             The game lasted 00:02:32 (2030 turns).

Newt the Ducker (Demonspawn Gladiator)              Turns: 2030, Time: 00:02:32

Health: -1/28      AC:  4    Str: 16    XL:     3   Next: 53%
Magic:  3/3        EV: 12    Int:  9    God:
Gold:   121        SH:  0    Dex: 14    Spells: 2/2 levels left

rFire   . . .      SeeInvis .    a - +0 rapier
rCold   . . .      Faith    .    (no shield)
rNeg    . . .      Spirit   .    b - +0 leather armour
rPois   .          Reflect  .    c - +0 helmet
rElec   .          Harm     .    n - scarf {+Inv}
rCorr   .          Rampage  .    (no gloves)
Will    .....                    (no boots)
Stlth   +                        (no amulet)
HPRegen 0.24/turn                (no ring)
MPRegen 0.08/turn                (no ring)

@: no status effects
A: demonic touch 1
a: Evoke Invisibility


You were on level 3 of the Dungeon.
You visited 1 branch of the dungeon, and saw 3 of its levels.

You collected 121 gold pieces.

Inventory:

Hand Weapons
 a - a +0 rapier (weapon)
Missiles
 i - 3 poisoned darts (quivered)
Armour
 b - a +0 leather armour (worn)
 c - a +0 helmet (worn)
 n - a scarf of invisibility (worn)
Scrolls
 h - a scroll of torment
 j - 2 scrolls of teleportation
Potions
 f - a potion of curing
 g - a potion of heal wounds {unknown}
 k - a potion of lignification {unknown}
 l - a potion of flight {unknown}
 m - a potion of mutation {unknown}


   Skills:
 + Level 2.5 Fighting
 + Level 3.1 Short Blades
 + Level 2.3 Throwing
 + Level 3.1 Dodging


You had 2 spell levels left.
You didn't know any spells.
Your spell library contained the following spells:

 Spells                   Type           Power      Damage    Failure   Level
 Summon Guardian Golem    Hex/Summ       0%         N/A       83%         3
 Orb of Destruction       Conj           0%         9d5       100%        7
 Spellforged Servitor     Conj/Summ      0%         N/A       100%        7


Dungeon Overview and Level Annotations

Branches:
Dungeon (3/15)

Altars:

Annotations:
D:3 Natasha


Innate Abilities, Weirdness & Mutations

Your touch may inflict minor irresistible damage on your foes.


Message History

You throw a throwing net.
The throwing net closely misses Natasha.
Natasha barely misses you.
You feel better. Natasha barely misses you. Natasha casts a spell at you.
The magic dart hits you.
* * * LOW HITPOINT WARNING * * *
Throw: 2 throwing nets
Press: ? - help, Q - select action, (/) - cycle Shift-Dir - straight line, f/p - Natasha
Aim: Natasha (fast, 53% to hit)
You throw a throwing net. The throwing net hits Natasha.
Natasha is caught in the net!
Natasha struggles against the net.
You hit Natasha.
Natasha is moderately wounded.
Natasha struggles against the net. x2
You hit Natasha but do no damage.
Natasha is moderately wounded.
Natasha mumbles some strange words.
Natasha struggles against the net.
The net rips apart, and Natasha comes free!
You barely miss Natasha.
You touch Natasha!
Natasha is severely wounded.
Natasha claws you.
* * * LOW HITPOINT WARNING * * *
Natasha claws you but does no damage.
Throw: throwing net
Press: ? - help, Q - select action, (/) - cycle Shift-Dir - straight line, f/p - Natasha
Aim: Natasha (severely wounded, fast, 53% to hit)
You throw a throwing net. The throwing net barely misses Natasha.
The throwing net closely misses the crimson imp.
Natasha closely misses you.
Throw: javelin
Press: ? - help, Q - select action, (/) - cycle Shift-Dir - straight line, f/p - Natasha
Aim: Natasha (severely wounded, fast, 53% to hit)
You throw a javelin. The javelin pierces through Natasha.
Natasha is almost dead.
The javelin barely misses the crimson imp.
Natasha claws you but does no damage. Natasha claws you.
You die...

* ###..#*#....,,,* *,*#
*****#....# #[#.#**,* *,*
*,,,,#.#.## #....,,,* *,*
*,*#,#.#.####.#.#**** ***** *,*
*,*#.#.....##.#.#####***,,,***,**
*..........##.#......,*,,,,,**+**
*.##.#.....##....#***,*,,8,,,,,,,
*,.............#.####.#,,,,,*****
*.##.......##...@h...(#*,,,**,,,*
,,*######........5.....#*,**,,,,,
*** ###....###).....*,*,,,,,,
***** #......**...##.*,*,,,,,,
,,,,* #.#.##.#*,....,*,*,,,,,,
***,** *#.#.#*[.**#####*,**,,,,,
,,,,,* *.,..#*#.#******,,,**,,,*
*,**** *,.#,,,,,,,,,,*,,,,,**+**
,,,*** *,,,*****,,****,,8,,,,,,,


You could see Natasha (fast) and a crimson imp (summoned).

Vanquished Creatures
  An adder (D:2)
  2 ball pythons (D:2)
  7 endoplasms
  4 giant cockroaches
  2 goblins (D:2)
  2 hobgoblins (D:1)
  2 jackals (D:1)
  2 kobolds
  A quokka (D:2)
  4 bats
  4 frilled lizards
  4 rats
35 creatures vanquished.

Notes
Turn   | Place    | Note
-------+----------+-------------------------------------------
     0 | D:1      | Newt the Demonspawn Gladiator began the quest for the Orb.
     0 | D:1      | Reached XP level 1. HP: 16/16 MP: 1/1
   213 | D:1      | Gained mutation: Your touch may inflict minor irresistible
                  | damage on your foes. [demonic ancestry]
   213 | D:1      | Reached XP level 2. HP: 15/22 MP: 2/2
  1130 | D:1      | Found a faded altar of an unknown god.
  1182 | D:2      | Reached XP level 3. HP: 10/28 MP: 3/3
  2013 | D:3      | Noticed Natasha
  2030 | D:3      | Slain by Natasha

Illustrated notes

Levels and vault maps discovered:
D:1:      sevenhm_arrival_forest_fort_small_5, layout_loops_ring,
          shapermc_ecumenical_altar_mp_urbaneastern,
          chequers_serial_rivers_room_a
D:2:      layout_rooms
D:3:      minmay_octagon_keep, layout_basic, uniq_natasha

Skill      XL: |  1  2 |
---------------+-------+-----
Throwing       | 2 |  2.3
Dodging        | 3 |  3.1
Short Blades   | 3 |  3.1
Fighting       | |  2.5

Action                   || total
-------------------------++-------
Melee: Rapier            ||    97
       Touch             ||    10
Throw: Throwing net      ||     3
       Javelin           ||     1
  Use: Scroll            ||     9
       Potion            ||     1
Armor: Leather armour    ||    12
Dodge: Dodged            ||    73

Table legend: (Time is in decaauts)
 A = Elapsed time spent in this place.
 B = Non-inter-level travel time spent in this place.
 C = Inter-level travel time spent in this place.
 D = Time resting spent in this place.
 E = Time spent auto-exploring this place.
 F = Levels seen in this place.
 G = Mean time per level.
                   A        B        C        D        E       F      G
               +--------+--------+--------+--------+--------+-----+--------+
         Total |   2041 |   2012 |     29 |    430 |   1319 |   3 |  680.3 |
       Dungeon |   2041 |   2012 |     29 |    430 |   1319 |   3 |  680.3 |
               +--------+--------+--------+--------+--------+-----+--------+

Top non-repeatable levels by time:
     D:1: 1162 daAuts
     D:2: 749 daAuts
     D:3: 128 daAuts
